 Dungeon Crawl Stone Soup version 0.25-a0-855-g681bda5bb4 (webtiles) character file.

Game seed: 15327140413793086484, levelgen mode: deterministic

179411 DerDa the Frost Mage (level 17, -9/120 HPs)
             Began as a Demonspawn Ice Elementalist on Apr 26, 2020.
             Was the Champion of Sif Muna.
             Killed from afar by a spark wasp (15 damage)
             ... with a living lightning
             ... on level 2 of the Spider Nest.
             The game lasted 03:19:51 (31104 turns).

DerDa the Frost Mage (Demonspawn Ice Elementalist) Turns: 31104, Time: 03:19:51

Health: -9/120     AC: 11    Str: 11    XL:     17   Next: 29%
Magic:  0/35       EV: 20    Int: 23    God:    Sif Muna [******]
Gold:   2716       SH:  0    Dex: 18    Spells: 3/44 levels left

rFire    + + .     SeeInvis +   N - +5 spear "Nidgherui" {vorpal, rF+ rN+ Dex+3}
rCold    + . .     Gourm    .   (no shield)
rNeg     + . .     Faith    .   Q - +2 robe {rC+ rF+}
rPois    .         Spirit   .   (helmet unavailable)
rElec    .         Reflect  .   X - +1 cloak {MR+}
rCorr    .         Harm     .   Z - +0 pair of gloves {Str+3}
MR       ++...                  S - +0 pair of boots {Fly}
Stlth    ++........             U - amulet of magic regeneration
HPRegen  2.30/turn              V - ring of wizardry
MPRegen  0.49/turn              D - ring of see invisible

@: flying, very slightly contaminated
A: horns 3, molten scales 2, demonic guardian 3, powered by death 2, screaming
1, augmentation 1
}: 1/15 runes: decaying
a: Channel Magic, Forget Spell, Divine Exegesis, Renounce Religion, Stop Flying


You were on level 2 of the Spider Nest.
You worshipped Sif Muna.
Sif Muna was exalted by your worship.
You were near starving.

You visited 6 branches of the dungeon, and saw 30 of its levels.

You collected 3147 gold pieces.
You spent 431 gold pieces at shops.

Inventory:

Hand Weapons
 r - the +1 rapier of Death's Door {freeze, MR+ Str+2}
   (You found it on level 4 of the Lair of Beasts)

   It has been specially enchanted to freeze those struck by it, causing extra
   injury to most foes and up to half again as much damage against particularly
   susceptible opponents.
   It can also slow down cold-blooded creatures.
   It affects your strength (+2).
   It affects your resistance to hostile enchantments.
 N - the +5 spear "Nidgherui" (weapon) {vorpal, rF+ rN+ Dex+3}
   (You found it on level 6 of the Lair of Beasts)

   It inflicts extra damage upon your enemies.
   It affects your dexterity (+3).
   It protects you from fire.
   It protects you from negative energy.
Missiles
 i - 78 poisoned darts (quivered)
 l - 10 curare-tipped darts
Armour
 Q - a +2 robe of resistance (worn)
 S - a +0 pair of boots of flying (worn)
 X - a +1 cloak of magic resistance (worn)
 Z - a +0 pair of gloves of strength (worn)
Jewellery
 f - an uncursed ring of wizardry
 h - an uncursed amulet of the gourmand
 p - an uncursed ring of protection from fire
 u - an uncursed ring of resist corrosion
 v - an uncursed amulet of regeneration
 D - a ring of see invisible (right hand)
 J - an uncursed ring of poison resistance
 L - a +3 amulet of reflection
 U - an amulet of magic regeneration (around neck)
 V - a ring of wizardry (left hand)
Wands
 g - a wand of digging (11)
 y - a wand of scattershot (4)
 F - a wand of polymorph (11)
 I - a wand of acid (10)
 K - a wand of paralysis (9)
 M - a wand of flame (27)
 O - a wand of disintegration (11)
 P - a wand of clouds (20)
Scrolls
 d - 20 scrolls of remove curse
 m - 2 scrolls of magic mapping
 n - 5 scrolls of identify
 o - 2 scrolls of blinking
 q - 20 scrolls of teleportation
 t - 6 scrolls of fear
 w - 2 scrolls of immolation
 E - a scroll of enchant weapon
 Y - 3 scrolls of fog
Potions
 b - 4 potions of invisibility
 j - 3 potions of resistance
 x - 2 potions of heal wounds
 A - 8 potions of curing
 B - 6 potions of mutation
 C - 6 potions of might
 G - 3 potions of cancellation
 T - a potion of ambrosia
Miscellaneous
 s - a phantom mirror
 R - a phial of floods
 W - a tin of tremorstones
Comestibles
 c - 38 rations


   Skills:
 + Level 7.3 Fighting
 + Level 10.5 Dodging
 - Level 1.7 Stealth
 * Level 14.2 Spellcasting
 + Level 10.7 Conjurations
 - Level 6.0 Summonings
 - Level 5.0 Translocations
 * Level 14.5 Ice Magic
 + Level 6.7 Air Magic
 + Level 10.9 Invocations
 + Level 8.5 Evocations


You had 3 spell levels left.
You knew the following spells:

 Your Spells              Type           Power        Failure   Level  Hunger
a - Freeze                Ice            ####         0%          1    None
b - Frozen Ramparts       Ice            ######       1%          3    None
c - Ozocubu's Armour      Chrm/Ice       #####...     1%          3    None
d - Hailstorm             Conj/Ice       ######..     1%          4    None
e - Summon Ice Beast      Ice/Summ       ######..     1%          4    None
f - Aura of Abjuration    Summ           #####.....   3%          5    ###....
g - Ozocubu's Refrigerat  Ice            ######....   1%          6    #####..
h - Freezing Cloud        Conj/Ice/Air   ######....   2%          6    #####..
i - Orb of Destruction    Conj           ######....   16%         7    ######.
q - Blink                 Tloc           N/A          1%          2    None

Your spell library contained the following spells:

 Spells                   Type           Power        Failure   Level  Hunger
 Foxfire                  Conj/Fire      ####         1%          1    None
 Magic Dart               Conj           ####         1%          1    None
 Sandblast                Erth           ###...       1%          1    None
 Shock                    Conj/Air       ####         1%          1    None
 Summon Small Mammal      Summ           ####         1%          1    None
 Call Imp                 Summ           #####...     1%          2    None
 Corpse Rot               Necr/Air       N/A          1%          2    None
 Searing Ray              Conj           ######       1%          2    None
 Call Canine Familiar     Summ           #####...     1%          3    None
 Conjure Flame            Conj/Fire      #####...     1%          3    None
 Dazzling Flash           Conj/Hex       #####.       1%          3    None
 Gell's Gravitas          Tloc           #####.....   1%          3    None
 Mephitic Cloud           Conj/Pois/Air  #####...     1%          3    None
 Portal Projectile        Hex/Tloc       ####..       1%          3    None
 Recall                   Summ/Tloc      N/A          1%          3    None
 Static Discharge         Conj/Air       ######..     1%          3    None
 Stone Arrow              Conj/Erth      #####.       1%          3    None
 Summon Guardian Golem    Hex/Summ       ####....     1%          3    None
 Passwall                 Tmut/Erth      ###.....     2%          2    None
 Slow                     Hex            ###.....     2%          2    None
 Sublimation of Blood     Necr           ###.......   2%          2    None
 Confusing Touch          Hex            ###.....     4%          3    None
 Inner Flame              Hex/Fire       ###.....     4%          3    None
 Spectral Weapon          Hex/Chrm       ###.....     4%          3    None
 Vampiric Draining        Necr           ###.......   4%          3    None
 Fulminant Prism          Conj/Hex       #####.....   1%          4    None
 Ice Form                 Ice/Tmut       #####...     1%          4    None
 Iskenderun's Mystic Bla  Conj/Tloc      ######..     1%          4    None
 Sticky Flame             Conj/Fire      #####...     1%          4    None
 Metabolic Englaciation   Hex/Ice        #####.....   2%          5    ###....
 Summon Demon             Summ           #####.....   3%          5    ###....
 Fireball                 Conj/Fire      #####.....   4%          5    ###....
 Iskenderun's Battlesphe  Conj/Chrm      #####...     4%          5    ###....
 Summon Forest            Summ/Tloc      #####.....   4%          5    ###....
 Bolt of Magma            Conj/Fire/Erth ####......   10%         5    ###....
 Silence                  Hex/Air        ####......   11%         5    ###....
 Summon Mana Viper        Hex/Summ       ####....     12%         5    ###....
 Simulacrum               Ice/Necr       #####.....   12%         6    #####..
 Animate Dead             Necr           N/A          16%         4    None
 Cause Fear               Hex            ###.......   16%         4    None
 Dispel Undead            Necr           ###.....     16%         4    None
 Petrify                  Tmut/Erth      ###.....     16%         4    None
 Shadow Creatures         Summ           N/A          19%         6    #####..
 Iron Shot                Conj/Erth      #####.....   24%         6    #####..
 Dispersal                Tloc           #####.....   28%         6    #####..
 Spellforged Servitor     Conj/Summ      ######....   36%         7    ######.
 Agony                    Necr           ###.....     38%         5    ###....
 Excruciating Wounds      Chrm/Necr      ###.......   38%         5    ###....
 Lee's Rapid Deconstruct  Erth           ###.......   38%         5    ###....
 Yara's Violent Unravell  Hex/Tmut       ###.......   38%         5    ###....
 Summon Hydra             Summ           #####.....   69%         7    ######.
 Invisibility             Hex            ###.....     89%         6    #####..
 Chain Lightning          Conj/Air       ######....   92%         8    #######
 Absolute Zero            Ice            ######....   98%         9    #######
 Dragon Form              Tmut           ###.......   100%        7    ######.
 Summon Horrible Things   Summ           #####.....   100%        8    #######
 Dragon's Call            Summ           #####.....   100%        9    #######


Dungeon Overview and Level Annotations

Branches:
Dungeon (15/15)            Temple (1/1) D:7            Lair (6/6) D:8
  Swamp (4/4) Lair:4       Spider (2/4) Lair:4        Slime (0/5) Lair:5
    Orc (2/2) D:10            Elf (0/3) Orc:2        Vaults (0/5) D:13
 Depths (0/5) D:15

Altars:
Ashenzari
Cheibriados
Dithmenos
Elyvilon
Fedhas
Gozag
Hepliaklqana
Kikubaaqudgha
Makhleb
Nemelex Xobeh
Okawaru
Qazlal
Ru
Sif Muna
Trog
Uskayaw
Vehumet
Wu Jian
Xom
Yredelemnul
Zin
The Shining One

Shops:
D:4 *!   D:5 !   D:6 %   D:7 [   D:8 !   D:9 *   Orc:1 %   Orc:2 !*(}[

Portals:
Pandemonium: Orc:2
Trove: D:14 (give +3 ice dragon scales)

Annotations:
D:7 1 runed translucent door, drwowa's ghost, novice FoFi
Lair:3 1 runed translucent door, Onkana's ghost, journeyman DrAE
Orc:1 3 runed translucent doors, Joschid's ghost, journeyman MiBe


Innate Abilities, Weirdness & Mutations

You have a pair of large horns on your head.
You are mostly covered in molten scales. (AC +3)
A powerful demonic guardian rushes to your aid.
You regenerate health from kills.
Your magical and physical power is slightly enhanced at high health.
You occasionally shout uncontrollably at your foes.


Message History

You feel your power leaking away.
The spark wasp is engulfed in freezing vapours.
The spark wasp stings you!!
* * * LOW HITPOINT WARNING * * *
The spark wasp shocks you!
* * * LOW HITPOINT WARNING * * *
The redback is engulfed in freezing vapours.
The ghost moth is engulfed in freezing vapours.
The ghost moth stares at you.
Blink to where?
Press: ? - help, Dir - move target cursor You are very lightly contaminated with residual magic.
As you read the scroll of blinking, it crumbles to dust.
Sif Muna accepts your kill.
You feel a bit more experienced.
The spark wasp bursts into living lightning!
The living lightning hits your cacodemon!
Your cacodemon resists.
The living lightning hits you!
You die...

#....###.# ##.#..#..#
###.....## #..#....#
#..###..#
###################..##
#.....§§##.##.##..#††##
...#.#§y§y2......##^..#
#.....§s##......@...#.#
##..#.§####.#.#.#...###
##^.#..## ###########
#.).....## ...#.#..y#
#....^..## ##....2##
##.....## #......y#


You could see a spark wasp and a friendly cacodemon.

Vanquished Creatures
  Nikola (Spider:1)
  Jorgrun (Spider:1)
  Kirke (Spider:1)
  4 thorn hunters
  An emperor scorpion (Spider:2)
  An entropy weaver (Spider:2)
  Azrael (Spider:1)
  A spark wasp (Spider:2)
  A dire elephant (Lair:6)
  A fire dragon (shapeshifter) (D:15)
  Josephine (D:10)
  2 ghost crabs
  15 hydras
  A vault guard (D:13)
  4 shambling mangroves
  6 two-headed ogres
  A merfolk avatar (Lair:6)
  5 alligators
  8 centaur warriors
  An ogre mage (D:13)
  4 death yaks (Lair:4)
  6 orc high priests (Orc:2)
  Sonja (Lair:3)
  A sixfirhy (Orc:2)
  2 spriggan druids
  An unseen horror (D:11)
  6 swamp dragons
  A gelid demonspawn (Orc:2)
  2 torturous demonspawn (Orc:2)
  A harpy (Lair:6)
  A wizard (D:13)
  4 orb spiders
  6 orc knights
  3 wolf spiders (Spider:2)
  2 manticores
  3 deep elf magi
  5 orc sorcerers
  An oklob plant (Lair:5)
  A moth of wrath (Spider:1)
  6 ugly things
  5 cyclopes
  A salamander (D:15)
  5 elephants
  2 torpor snails (Spider:1)
  4 molten gargoyles (D:14)
  5 black mambas
  11 spiny frogs
  4 gargoyles
  6 rime drakes
  5 kobold demonologists
  9 komodo dragons
  4 demonic crawlers
  A tengu conjurer (D:13)
  3 efreet
  A yaktaur (D:15)
  A red devil (Orc:2)
  3 polar bears
  8 tyrant leeches
  4 meliai (D:13)
  4 trolls
  9 jumping spiders
  18 slime creatures
  13 hornets
  6 bog bodies (Swamp:4)
  4 hippogriffs
  6 blink frogs
  5 spriggans
  A vampire (D:14)
  14 redbacks
  7 shadows
  10 tarantellas
  3 wraiths
  5 wyverns
  5 hogs (Spider:1)
  A human (Spider:1)
  23 yaks
  2 fire elementals (Spider:1)
  4 basilisks
  3 hungry ghosts
  2 neqoxecs (Orc:2)
  21 vampire mosquitoes
  13 swamp worms
  5 wargs
  A soldier ant (shapeshifter) (D:13)
  3 hell hounds (Spider:1)
  6 insubstantial wisps
  11 porcupines
  12 swamp drakes
  10 water moccasins
  27 orc warriors
  3 sky beasts
  4 ice beasts
  2 black bears (D:8)
  9 ogres
  8 necrophages
  An eye of draining (D:13)
  41 centaurs
  3 phantoms
  7 wolves
  5 boggarts (D:15)
  A big kobold (D:9)
  11 crocodiles
  17 bullfrogs
  A water moccasin skeleton (D:11)
  10 scorpions
  21 killer bees
  5 howler monkeys
  8 wights
  8 crimson imps
  2 bullfrog skeletons
  3 centaur zombies
  2 centaur skeletons
  A jelly (D:9)
  2 gnoll shamans
  24 orc priests
  8 hounds
  Crazy Yiuf (D:4)
  7 iguanas
  6 worker ants
  15 orc wizards
  A killer bee zombie (D:9)
  A howler monkey zombie (D:9)
  13 gnolls
  A worker ant zombie (D:11)
  9 adders
  4 shadow imps
  A white imp (D:12)
  An ooze (D:4)
  An adder zombie (D:9)
  7 worms
  6 dart slugs
  10 leopard geckos
  73 orcs
  5 ball pythons
  4 giant cockroaches
  8 goblins
  11 hobgoblins
  2 jackals (D:2)
  10 kobolds
  5 quokkas
  12 bats
  10 frilled lizards
  7 rats
  18 briar patches (Swamp:4)
  7 fungi
  9 plants
922 creatures vanquished.

Vanquished Creatures (collateral kills)
  Rupert (Spider:1)
  Gastronok (D:9)
  9 hydras
  Erica (Lair:2)
  A two-headed ogre (D:11)
  An alligator (Swamp:1)
  A centaur warrior (D:13)
  2 death yaks (Lair:4)
  A soul eater (Orc:2)
  A sea snake (Lair:6)
  2 swamp dragons (Swamp:4)
  An orc knight (Orc:2)
  An oklob plant (Lair:5)
  4 orc sorcerers
  2 manticores (Lair:6)
  2 centaur zombies
  9 elephants
  3 spiny frogs
  A kobold demonologist (D:11)
  3 komodo dragons
  2 rime drakes (Lair:6)
  4 tyrant leeches
  3 trolls
  4 hornets
  A slime creature (D:15)
  10 blink frogs
  A polar bear (Lair:6)
  4 bog bodies (Swamp:4)
  3 wraiths (D:10)
  2 spriggans
  4 hippogriffs
  A tarantella (Spider:2)
  A redback (Spider:2)
  15 yaks
  2 hungry ghosts
  A swamp worm (Swamp:1)
  2 water moccasins
  2 insubstantial wisps (Lair:4)
  2 orc warriors
  3 swamp drakes (Swamp:3)
  A black bear (D:6)
  An ice beast (D:9)
  An ogre (D:7)
  A phantom (D:12)
  2 crocodiles
  A big kobold (D:11)
  2 bullfrogs
  A wight (D:7)
  An electric eel (D:11)
  2 howler monkeys (D:8)
  An orc priest (Orc:2)
  A hound (D:12)
  A gnoll (D:4)
  An adder (D:7)
  A shadow imp (D:6)
  2 orcs
  A giant cockroach (Lair:4)
  4 kobolds (D:11)
  A fungus (Lair:4)
140 creatures vanquished.

Vanquished Creatures (others)
  A swamp worm (Swamp:3)
  An orc warrior (D:11)
  A wolf (D:8)
  A centaur zombie (D:9)
  3 bushes (Swamp:4)
  17 fungi
  19 plants
43 creatures vanquished.

Grand Total: 1105 creatures vanquished

Notes
Turn   | Place    | Note
-------+----------+-------------------------------------------
     0 | D:1      | DerDa the Demonspawn Ice Elementalist began the quest for
                  | the Orb.
     0 | D:1      | Reached XP level 1. HP: 13/13 MP: 3/3
   359 | D:1      | Gained mutation: You regenerate a little health from kills.
                  | [demonic ancestry]
   359 | D:1      | Reached XP level 2. HP: 19/19 MP: 1/5
   938 | D:1      | Reached XP level 3. HP: 16/24 MP: 2/6
  1500 | D:2      | Noticed an ogre
  1506 | D:2      | Learned a level 3 spell: Frozen Ramparts
  1510 | D:2      | Learned a level 3 spell: Ozocubu's Armour
  1613 | D:2      | Reached XP level 4. HP: 30/30 MP: 3/8
  1908 | D:2      | Gained mutation: You have a pair of small horns on your
                  | head. [demonic ancestry]
  1908 | D:2      | Reached XP level 5. HP: 35/35 MP: 5/10
  2475 | D:2      | Killed an ogre
  2475 | D:2      | Reached skill level 5 in Ice Magic
  2718 | D:3      | Gained mutation: A weak demonic guardian rushes to your
                  | aid. [demonic ancestry]
  2718 | D:3      | Reached XP level 6. HP: 34/41 MP: 7/12
  3190 | D:3      | Learned a level 4 spell: Hailstorm
  3327 | D:3      | Found a glowing golden altar of the Shining One.
  3628 | D:4      | Gained mutation: You are partially covered in molten
                  | scales. (AC +2) [demonic ancestry]
  3628 | D:4      | Reached XP level 7. HP: 46/46 MP: 10/14
  3698 | D:4      | Found Rerheij's Lightly-Used Armoury.
  3710 | D:4      | Reached skill level 1 in Conjurations
  4072 | D:4      | Reached skill level 5 in Spellcasting
  4339 | D:4      | Found Eqeih's Distillery.
  4343 | D:4      | Bought a potion of degeneration for 10 gold pieces
  4343 | D:4      | Bought a potion of curing for 30 gold pieces
  4343 | D:4      | Bought a potion of mutation for 80 gold pieces
  4343 | D:4      | Bought a potion of might for 40 gold pieces
  4499 | D:4      | Found a bloodstained altar of Trog.
  4510 | D:4      | Gained mutation: You have a pair of horns on your head.
                  | [demonic ancestry]
  4510 | D:4      | Reached XP level 8. HP: 48/52 MP: 5/16
  4602 | D:4      | Found a runed translucent door.
  4603 | D:4      | Noticed Crazy Yiuf
  4612 | D:4      | Killed Crazy Yiuf
  4653 | D:5      | Entered Level 5 of the Dungeon
  4983 | D:5      | Found Bethruw's Distillery.
  4996 | D:5      | Bought a potion of heal wounds for 60 gold pieces
  4996 | D:5      | Bought a potion of brilliance for 48 gold pieces
  5843 | D:6      | Found Xumax's Food Boutique.
  6124 | D:7      | Gained mutation: You have a pair of large horns on your
                  | head. [demonic ancestry]
  6124 | D:7      | Reached XP level 9. HP: 57/57 MP: 12/19
  6166 | D:6      | Learned a level 4 spell: Summon Ice Beast
  6420 | D:7      | Found Yhakkoun's Armour Boutique.
  6435 | D:7      | Found a staircase to the Ecumenical Temple.
  6441 | Temple   | Entered the Ecumenical Temple
  6516 | Temple   | Became a worshipper of Sif Muna the Loreminder
  6693 | D:7      | Reached skill level 5 in Dodging
  6703 | D:7      | Reached skill level 1 in Summonings
  6797 | D:7      | Found a runed translucent door.
  6804 | D:7      | Noticed drwowa's ghost (novice FoFi)
  7287 | D:8      | Reached * piety under Sif Muna
  7293 | D:8      | Gained mutation: A demonic guardian rushes to your aid.
                  | [demonic ancestry]
  7293 | D:8      | Reached XP level 10. HP: 25/63 MP: 12/21
  7446 | D:8      | Found a staircase to the Lair.
  7537 | D:8      | Found Kuram's Distillery.
  7540 | D:8      | Bought a potion of lignification for 39 gold pieces
  7540 | D:8      | Bought a potion of curing for 39 gold pieces
  7724 | D:8      | Found a sacrificial altar of Ru.
  7742 | D:8      | Reached skill level 5 in Conjurations
  8053 | D:9      | Noticed Gastronok
  8094 | D:9      | Killed Gastronok
  8122 | D:9      | Found Iqimet's General Store.
  8278 | D:9      | Reached ** piety under Sif Muna
  8509 | D:9      | You fall into a shaft and drop 2 floors!
  8675 | D:11     | Learned a level 5 spell: Aura of Abjuration
  8685 | D:11     | Gained mutation: Your magical and physical power is
                  | slightly enhanced at high health. [demonic ancestry]
  8685 | D:11     | Reached XP level 11. HP: 68/68 MP: 21/24
  8819 | D:11     | Noticed a two-headed ogre
  8825 | D:11     | Killed a two-headed ogre
  8828 | D:11     | Reached *** piety under Sif Muna
  9068 | D:11     | Noticed an unseen horror
  9073 | D:11     | Killed an unseen horror
  9117 | D:10     | Entered Level 10 of the Dungeon
  9148 | D:10     | Found a staircase to the Orcish Mines.
  9266 | D:10     | Noticed Josephine
  9471 | D:10     | Killed Josephine
  9471 | D:10     | Reached skill level 10 in Ice Magic
  9620 | D:10     | Found a shimmering altar of Xom.
  9946 | D:10     | Reached **** piety under Sif Muna
  9949 | D:10     | Reached skill level 5 in Summonings
 10614 | Lair:1   | Entered Level 1 of the Lair of Beasts
 10693 | Lair:1   | Reached skill level 10 in Spellcasting
 10693 | Lair:1   | Reached skill level 1 in Invocations
 11006 | Lair:1   | Reached skill level 1 in Evocations
 11585 | Lair:2   | Reached ***** piety under Sif Muna
 11655 | Lair:2   | Identified Sif Muna's Handbook of Creative Translocation
                  | (Sif Muna gifted it to you on level 2 of the Lair of
                  | Beasts)
 11655 | Lair:2   | Received a gift from Sif Muna
 11694 | Lair:2   | Reached XP level 12. HP: 62/74 MP: 13/26
 11990 | Lair:2   | Noticed Erica
 12050 | Lair:2   | Killed Erica
 12921 | Lair:3   | Noticed Sonja
 12951 | Lair:3   | Killed Sonja
 13257 | Lair:3   | Found a runed translucent door.
 13258 | Lair:3   | Noticed Onkana's ghost (journeyman DrAE)
 13260 | Lair:3   | Noticed a four-headed hydra
 13599 | Lair:3   | Learned a level 2 spell: Blink
 13653 | Lair:4   | Noticed a death yak
 13678 | Lair:4   | Noticed a death yak
 13678 | Lair:4   | Noticed a death yak
 13678 | Lair:4   | Noticed a death yak
 13681 | Lair:4   | Noticed a death yak
 13689 | Lair:4   | Noticed a death yak
 13690 | Lair:4   | Killed a death yak
 13692 | Lair:4   | Killed a death yak
 13698 | Lair:4   | Killed a death yak
 13700 | Lair:4   | Killed a death yak
 13700 | Lair:4   | Reached skill level 1 in Translocations
 13700 | Lair:4   | Killed a death yak
 13701 | Lair:4   | Killed a death yak
 13887 | Lair:4   | Noticed an eight-headed hydra
 13945 | Lair:4   | Killed an eight-headed hydra
 13945 | Lair:4   | Reached skill level 5 in Invocations
 14165 | Lair:4   | Gained mutation: You regenerate health from kills. [demonic
                  | ancestry]
 14165 | Lair:4   | Reached XP level 13. HP: 58/79 MP: 26/28
 14180 | Lair:4   | Found a hole to the Spider Nest.
 14275 | Lair:4   | Found a staircase to the Swamp.
 14348 | Lair:4   | Got an ichor-stained rapier
 14348 | Lair:4   | Identified the cursed +1 rapier of Death's Door {freeze,
                  | MR+ Str+2} (You found it on level 4 of the Lair of Beasts)
 14423 | Lair:4   | Identified Viror's Volume of the Frigorific Entourage (Sif
                  | Muna gifted it to you on level 4 of the Lair of Beasts)
 14423 | Lair:4   | Received a gift from Sif Muna
 14552 | Lair:3   | Learned a level 6 spell: Ozocubu's Refrigeration
 14559 | Lair:3   | Learned a level 6 spell: Freezing Cloud
 15440 | Lair:5   | Found a staircase to the Slime Pits.
 15444 | Lair:5   | HP: 3/80 [acid (13)]
 15801 | Lair:5   | Reached skill level 1 in Fighting
 15801 | Lair:5   | Reached skill level 1 in Air Magic
 15872 | Lair:6   | Entered Level 6 of the Lair of Beasts
 16287 | Lair:6   | Noticed a dire elephant
 16543 | Lair:6   | Killed a dire elephant
 16704 | Lair:6   | Reached skill level 5 in Evocations
 17137 | Lair:6   | Got a steaming spear
 17430 | Lair:6   | Identified the +5 spear "Nidgherui" {vorpal, rF+ rN+ Dex+3}
                  | (You found it on level 6 of the Lair of Beasts)
 17608 | Orc:1    | Entered Level 1 of the Orcish Mines
 17683 | Orc:1    | Reached XP level 14. HP: 91/91 MP: 17/29
 17723 | Orc:1    | Identified Irukhec's Reference Book on the Entourage (Sif
                  | Muna gifted it to you on level 1 of the Orcish Mines)
 17723 | Orc:1    | Received a gift from Sif Muna
 17778 | Orc:1    | Found a runed translucent gate.
 17779 | Orc:1    | Found a runed translucent gate.
 17780 | Orc:1    | Found a runed translucent gate.
 17782 | Orc:1    | Noticed Joschid's ghost (journeyman MiBe)
 17899 | Orc:2    | Entered Level 2 of the Orcish Mines
 18240 | Orc:2    | Found Ryli Jim's Antique Armour Shop.
 18248 | Orc:2    | Bought a glowing robe for 85 gold pieces
 18444 | Orc:2    | Found a staircase to the Elven Halls.
 18552 | Orc:1    | Found Tal Weim's Food Shop.
 19220 | Orc:2    | Found Ujyadoet's General Store.
 19224 | Orc:2    | Found Hoexiklar's Distillery.
 19667 | Orc:2    | Identified Sif Muna's Catalogue of Calling and Orientation
                  | (Sif Muna gifted it to you on level 2 of the Orcish Mines)
 19667 | Orc:2    | Received a gift from Sif Muna
 19885 | Orc:2    | Paralysed by an orc sorcerer for 7 turns
 19891 | Orc:2    | Gained mutation: You occasionally shout uncontrollably at
                  | your foes. [a neqoxec]
 20275 | Orc:2    | Found Vuorebb's Gadget Boutique.
 20275 | Orc:2    | Found Fiutsoli's Antique Weapon Shop.
 20277 | Orc:2    | Found a one-way gate leading to the halls of Pandemonium.
 20459 | D:12     | Found a stormy altar of Qazlal.
 21526 | D:13     | Found a gate to the Vaults.
 21552 | D:13     | Identified Sif Muna's Compendium of Hexes (Sif Muna gifted
                  | it to you on level 13 of the Dungeon)
 21552 | D:13     | Received a gift from Sif Muna
 21808 | D:13     | Gained mutation: You are mostly covered in molten scales.
                  | (AC +3) [demonic ancestry]
 21808 | D:13     | Reached XP level 15. HP: 101/101 MP: 21/31
 21842 | D:13     | Reached skill level 5 in Translocations
 22221 | D:14     | Found a burning altar of Makhleb.
 22739 | D:14     | Found a portal to a secret trove of treasure.
 22742 | D:14     | Reached skill level 5 in Fighting
 23021 | D:15     | Entered Level 15 of the Dungeon
 23060 | D:15     | Identified Sif Muna's Handbook of Unholy Snow (Sif Muna
                  | gifted it to you on level 15 of the Dungeon)
 23060 | D:15     | Received a gift from Sif Muna
 23831 | D:15     | Found a staircase to the Depths.
 23837 | D:15     | Reached skill level 5 in Air Magic
 24210 | Swamp:1  | Entered Level 1 of the Swamp
 25416 | Swamp:2  | Identified Sif Muna's Catalogue of Intuition (Sif Muna
                  | gifted it to you on level 2 of the Swamp)
 25416 | Swamp:2  | Received a gift from Sif Muna
 25762 | Swamp:2  | Reached XP level 16. HP: 84/110 MP: 9/33
 25959 | Swamp:2  | Learned a level 7 spell: Orb of Destruction
 26086 | Swamp:2  | Reached skill level 10 in Conjurations
 26783 | Swamp:3  | Noticed a thorn hunter
 26787 | Swamp:3  | Killed a thorn hunter
 26928 | Swamp:3  | Noticed a thorn hunter
 26946 | Swamp:3  | Killed a thorn hunter
 26946 | Swamp:3  | Reached skill level 10 in Dodging
 27543 | Swamp:4  | Entered Level 4 of the Swamp
 27546 | Swamp:4  | Reached skill level 10 in Invocations
 27550 | Swamp:4  | Noticed a thorn hunter
 27559 | Swamp:4  | Killed a thorn hunter
 27871 | Swamp:4  | Noticed a thorn hunter
 27874 | Swamp:4  | Received a gift from Sif Muna
 27877 | Swamp:4  | Killed a thorn hunter
 28084 | Swamp:4  | Reached ****** piety under Sif Muna
 28327 | Swamp:3  | Paralysed by a hornet for 1 turns
 29186 | Swamp:4  | Got a decaying rune of Zot
 29390 | Spider:1 | Entered Level 1 of the Spider Nest
 29443 | Spider:1 | Noticed Rupert
 29455 | Spider:1 | Killed Rupert
 29884 | Spider:1 | Received a gift from Sif Muna
 29941 | Spider:1 | Noticed Jorgrun
 29955 | Spider:1 | Killed Jorgrun
 29989 | Spider:1 | Noticed Kirke
 29995 | Spider:1 | Killed Kirke
 29995 | Spider:1 | Gained mutation: A powerful demonic guardian rushes to your
                  | aid. [demonic ancestry]
 29995 | Spider:1 | Reached XP level 17. HP: 82/120 MP: 11/35
 30038 | Spider:1 | Noticed Azrael
 30042 | Spider:1 | Killed Azrael
 30290 | Spider:1 | Noticed Nikola
 30296 | Spider:1 | Killed Nikola
 31103 | Spider:2 | HP: 5/120 [spark wasp (15)]
 31104 | Spider:2 | Killed from afar by a spark wasp

Levels and vault maps discovered:
D:1:      dpeg_chamrin_arrival_tetris, layout_loops_corners, minmay_ruptured
D:2:      layout_loops_ring
D:3:      layout_loops_cross, nicolae_overflow_hidden_temple
D:4:      layout_basic, serial_shops, shop, first_ration, minmay_shop_damaged,
          trog_butcher_becter, uniq_crazy_yiuf_cottage
D:5:      layout_rooms, serial_shops, nicolae_shop_window_shopping
D:6:      layout_layer_cave, serial_shops, shop_coins
D:7:      layout_basic, temple_green, ebering_ghost_reflecting_pool,
          serial_shops, shop, grunt_ogre_cave
D:8:      layout_basic, minmay_lair_entry_grove, serial_shops, kennysheep_mini,
          nicolae_ru_great_annihilating_truth
D:9:      cheibrodos_barr_body, layout_rooms, serial_curves, eino_curves_04,
          eino_curves_02, serial_shops, shop, kennysheep_cross_room,
          lightli_fourway_metalbox, uniq_gastronok
D:10:     layout_roguey, david_orc_2, basic_altar, uniq_josephine
D:11:     layout_basic, st_stairs_11, lemuel_flamethrower_hall
D:12:     layout_loops_cross, basic_altar, minmay_fire_ice_demons
D:13:     layout_roguey, david_vaults_5
D:14:     layout_roguey, enter_trove_1, kennysheep_flooded_box, minmay_holes,
          minivault_8
D:15:     hangedman_depths_entry_try_elsewhere_first, layout_rooms,
          serial_park_tiny_2
Temple:   roderic_octagonal_lattice_temple
Lair:1:   layout_regular_city, lemuel_fruit_tree
Lair:2:   layout_gridlike, st_stairs_12, uniq_erica
Lair:3:   layout_chaotic_city, ebering_ghost_inner_flame, uniq_sonja
Lair:4:   layout_regular_city, minmay_swamp_entry_wisps,
          nicolae_spider_entry_non_spiders, beast_lair_carwin_11
Lair:5:   layout_hall_layers, minmay_slime_entry_oklob_open
Lair:6:   gammafunk_lair_ancient_temple, layout_long_grid, minivault_23,
          grunt_megastairs_5
Swamp:1:  layout_basic_swamp, evilmike_swamp_ruin_house_2, swamp_pool4,
          roderic_carrion_pond, infiniplex_staircase_pool_2
Swamp:2:  layout_falls_marsh, evilmike_swamp_ruin_rubble_1, swamp_pool3
Swamp:3:  layout_basic_swamp, evilmike_swamp_ruin_rubble_2
Swamp:4:  grunt_swamp_rune_castle, layout_basic_swamp, infiniplex_staircase_pool
Spider:1: layout_spider_delve, uniq_kirke, uniq_rupert, uniq_azrael,
          uniq_nikola, uniq_jorgrun
Spider:2: nicolae_spider_hall_of_the_moth_king
Orc:1:    layout_caves, ebering_ghost_rock_garden, serial_shops, shop
Orc:2:    pf_orc_diabolical, layout_diamond_mine, serial_shops,
          nicolae_shop_statue_plus

Skill      XL: |  1  2  3  4  5  6  7  8  9 10 11 12 13 14 15 16 |
---------------+-------------------------------------------------+-----
Dodging        | 2 3 4 5 6 7 8 9 10 | 10.5
Ice Magic      | 4 5 6 7 8 9 10 11 12 13 14 | 14.5
Spellcasting   | 3 4 5 6 7 9 10 11 12 13 14 | 14.2
Conjurations   | 2 3 4 5 6 7 8 9 10 | 10.7
Summonings     | 2 4 5 6 |  6.0
Invocations    | 2 5 6 8 9 10 | 10.9
Evocations     | 1 4 5 6 7 8 |  8.5
Translocations | 2 3 4 5 |  5.0
Fighting       | 2 4 5 7 |  7.3
Air Magic      | 2 4 5 6 |  6.7
Stealth        | |  1.7

Action                   |  1- 3 |  4- 6 |  7- 9 | 10-12 | 13-15 | 16-18 || total
-------------------------+-------+-------+-------+-------+-------+-------++-------
Melee: Unarmed           |     1 |       |       |       |       |       ||     1
       Whip              |     8 |    10 |     1 |       |       |       ||    19
       Falchion          |       |       |     8 |       |       |       ||     8
       Headbutt          |       |       |     9 |    15 |    74 |    25 ||   123
       Quarterstaff      |       |       |    48 |    89 |    27 |       ||   164
       Rapier            |       |       |       |       |    51 |       ||    51
       Spear             |       |       |       |       |   432 |   139 ||   571
Throw: Dart              |       |       |       |     4 |     5 |       ||     9
 Cast: Freeze            |    60 |    72 |   105 |   215 |   100 |    27 ||   579
       Frozen Ramparts   |     1 |     9 |    31 |    41 |    28 |       ||   110
       Ozocubu's Armour  |       |       |     9 |     6 |     4 |       ||    19
       Summon Ice Beast  |       |       |     4 |    29 |    78 |    36 ||   147
       Hailstorm         |       |       |     2 |    60 |    75 |    16 ||   153
       Blink             |       |       |       |     2 |     4 |     1 ||     7
       Freezing Cloud    |       |       |       |       |    22 |    13 ||    35
       Ozocubu's Refrige |       |       |       |       |   144 |   126 ||   270
       Aura of Abjuratio |       |       |       |       |     3 |       ||     3
       Orb of Destructio |       |       |       |       |       |     2 ||     2
Invok: Channel Magic     |       |       |       |     1 |     1 |     2 ||     4
Evoke: Wand              |       |       |       |     1 |     6 |       ||     7
  Use: Scroll            |       |     7 |     3 |    10 |     5 |     3 ||    28
       Potion            |       |       |       |       |       |     4 ||     4
 Stab: Distracted        |       |       |     1 |     1 |     3 |     1 ||     6
       Petrified         |       |       |       |     4 |       |       ||     4
       Paralysed         |       |       |       |     4 |       |       ||     4
       Sleeping          |       |       |       |       |     7 |       ||     7
  Eat: Chunk             |     3 |    21 |    12 |    15 |    79 |    24 ||   154
       Ration            |       |       |       |     1 |     2 |     8 ||    11
Armor: Robe              |    18 |     6 |    48 |    47 |    94 |    37 ||   250
       Troll leather arm |       |       |       |    11 |       |       ||    11
Dodge: Dodged            |    45 |    46 |   132 |   238 |   513 |   212 ||  1186
Block: Other             |       |       |     1 |    35 |       |       ||    36
       Reflection        |       |       |       |     4 |       |       ||     4
       Rpst.: Falchion   |       |       |     5 |       |       |       ||     5

Table legend:
 A = Non-vault XP
 B = Vault XP
 C = Vault XP percentage of total XP
 D = Non-vault monster count
 E = Vault monster count
 F = Vault count percentage of total count
                 A         B        C        D         E       F
            +---------+---------+-------+---------+---------+-------
      Total |  159576 |   78154 |  32.9 |     773 |     257 |  25.0
            +---------+---------+-------+---------+---------+-------
        D:1 |      53 |       5 |   8.6 |      27 |       3 |  10.0
        D:2 |     311 |       0 |   0.0 |      29 |       0 |   0.0
        D:3 |     223 |       0 |   0.0 |      26 |       0 |   0.0
        D:4 |     868 |      43 |   4.7 |      35 |       5 |  12.5
        D:5 |     388 |       0 |   0.0 |      11 |       0 |   0.0
        D:6 |    1039 |       0 |   0.0 |      15 |       0 |   0.0
        D:7 |    1235 |     101 |   7.6 |      25 |       1 |   3.8
        D:8 |     768 |    1701 |  68.9 |      16 |      17 |  51.5
        D:9 |    2749 |    2737 |  49.9 |      34 |      20 |  37.0
       D:10 |    1452 |    1177 |  44.8 |      24 |      11 |  31.4
       D:11 |    2493 |     261 |   9.5 |      21 |       3 |  12.5
       D:12 |    7218 |      56 |   0.8 |      38 |       2 |   5.0
       D:13 |    9658 |    4225 |  30.4 |      39 |       9 |  18.8
       D:14 |   11662 |    1674 |  12.6 |      39 |       4 |   9.3
       D:15 |   14875 |    2373 |  13.8 |      51 |       4 |   7.3
     Lair:1 |    1892 |       0 |   0.0 |       9 |       0 |   0.0
     Lair:2 |    5662 |     578 |   9.3 |      31 |       2 |   6.1
     Lair:3 |    1567 |     446 |  22.2 |       8 |       1 |  11.1
     Lair:4 |   11976 |    1164 |   8.9 |      34 |      15 |  30.6
     Lair:5 |    4000 |    1134 |  22.1 |      15 |       2 |  11.8
     Lair:6 |    6394 |   11053 |  63.4 |      24 |      31 |  56.4
    Swamp:1 |    9233 |     614 |   6.2 |      35 |       5 |  12.5
    Swamp:2 |   12452 |       0 |   0.0 |      31 |       0 |   0.0
    Swamp:3 |   12795 |       0 |   0.0 |      28 |       0 |   0.0
    Swamp:4 |   16289 |   16320 |  50.0 |      37 |      34 |  47.9
   Spider:1 |    6765 |   12812 |  65.4 |      24 |      15 |  38.5
   Spider:2 |    9238 |    3321 |  26.4 |      18 |      11 |  37.9
      Orc:1 |    5243 |       0 |   0.0 |      31 |       0 |   0.0
      Orc:2 |    1078 |   16359 |  93.8 |      18 |      62 |  77.5
            +---------+---------+-------+---------+---------+-------
